 Dungeon Crawl Stone Soup version 0.27.1-3-gb3d3a73c9e (webtiles) character file.

Game seed: 11350724933151042190

65 DearestLeader the Magician (level 4, 0/38 HPs)
             Began as a Gnoll Wanderer on Oct 18, 2021.
             Slain by a gnoll (15 damage)
             ... on level 3 of the Dungeon on Oct 19, 2021.
             The game lasted 00:04:38 (2320 turns).

DearestLeader the Magician (Gnoll Wanderer)         Turns: 2320, Time: 00:04:39

Health: 0/38       AC:  2    Str:  9    XL:     4   Next: 14%
Magic:  1/11       EV: 11    Int: 14    God:
Gold:   47         SH:  5    Dex: 12    Spells: 9/13 levels left

rFire    . . .     SeeInvis .   a - +0 dagger
rCold    . . .     Faith    .   (no shield)
rNeg     . . .     Spirit   .   b - +0 robe
rPois    .         Reflect  +   (no helmet)
rElec    .         Harm     .   (no cloak)
rCorr    .         Rampage  .   (no gloves)
Will     .....                  (no boots)
Stlth    ++........             d - amulet of reflection
HPRegen  0.12/turn              (no ring)
MPRegen  0.12/turn              (no ring)

@: no status effects
A: fangs 1, strong nose, distributed training
a: no special abilities


You were on level 3 of the Dungeon.
You visited 1 branch of the dungeon, and saw 3 of its levels.

You collected 47 gold pieces.

Inventory:

Hand Weapons
 a - a +0 dagger (weapon)
Armour
 b - a +0 robe (worn)
Jewellery
 d - an amulet of reflection (around neck)
Scrolls
 g - a scroll of noise {unknown}
 h - a scroll of fog {unknown}
Potions
 c - 2 potions of curing
 e - a potion of haste {unknown}
 f - a potion of mutation {unknown}


   Skills:
 + Level 4.6 Fighting
 + Level 2.7 Short Blades
 + Level 1.0 Long Blades
 + Level 1.0 Axes
 + Level 1.0 Maces & Flails
 + Level 1.0 Polearms
 + Level 1.0 Staves
 + Level 1.0 Slings
 + Level 1.0 Bows
 + Level 1.0 Crossbows
 + Level 2.7 Throwing
 + Level 1.0 Armour
 + Level 1.0 Dodging
 + Level 2.5 Stealth
 + Level 1.0 Shields
 + Level 1.0 Unarmed Combat
 + Level 5.0 Spellcasting
 + Level 2.2 Conjurations
 + Level 0.8 Hexes
 + Level 3.8 Summonings
 + Level 0.8 Necromancy
 + Level 0.8 Translocations
 + Level 0.8 Transmutations
 + Level 0.8 Fire Magic
 + Level 0.8 Ice Magic
 + Level 0.8 Air Magic
 + Level 0.8 Earth Magic
 + Level 0.8 Poison Magic
 + Level 1.1 Invocations
 + Level 1.0 Evocations


You had 9 spell levels left.
You knew the following spells:

 Your Spells              Type           Power      Damage    Failure   Level
a - Magic Dart            Conj           36%        1d4       7%          1
b - Summon Small Mammal   Summ           56%        N/A       3%          1
c - Call Imp              Summ           14%        N/A       5%          2

Your spell library contained the following spells:

 Spells                   Type           Power      Damage    Failure   Level
 Call Canine Familiar     Summ           14%        N/A       11%         3
 Corona                   Hex            5%         N/A       12%         1
 Blink                    Tloc           N/A        N/A       19%         2
 Ensorcelled Hibernation  Hex/Ice        10%        N/A       19%         2
 Slow                     Hex            5%         N/A       19%         2
 Conjure Flame            Conj/Fire      7%         6-21      28%         3
 Mephitic Cloud           Conj/Pois/Air  7%         N/A       30%         3
 Tukima's Dance           Hex            5%         N/A       36%         3


Dungeon Overview and Level Annotations

Branches:
Dungeon (2/15)

Altars:

Shops:
D:1 !


Innate Abilities, Weirdness & Mutations

You have very sharp teeth.
Your uncanny sense of smell can sniff out nearby items.
Your experience applies equally to all skills.


Message History

Something hits your white imp.
A rat comes into view.
Your crimson imp blinks!
The gnoll hits your white imp with a +0 halberd.
Your white imp dies!
Sorry, you're not good enough to have a special ability.
Drop what? 8/52 slots (_ for help) (? for menu, Esc to quit)
Okay, then.
Casting: Call Imp (safe; 5% risk of failure)
Confirm with . or Enter, or press ? or * to list all spells.
A beastly little devil appears in a puff of flame.
The bat closely misses your crimson imp.
Casting: Call Imp (safe; 5% risk of failure)
Confirm with . or Enter, or press ? or * to list all spells.
Aiming: Magic Dart (safe; 7% risk of failure)
Press: ? - help, Shift-Dir - straight line, f - gnoll
Aim: a gnoll, wielding a +0 halberd (ally target, 100% to hit)
The magic dart hits the gnoll.
The gnoll is lightly wounded.
The bat hits your crimson imp.
Casting: Magic Dart (safe; 7% risk of failure)
Confirm with . or Enter, or press ? or * to list all spells.
Aiming: Magic Dart (safe; 7% risk of failure)
Press: ? - help, Shift-Dir - straight line, f/p - gnoll
Aim: a gnoll, wielding a +0 halberd (lightly wounded, ally target, 100% to hit)
The magic dart hits the gnoll but does no damage.
The gnoll is lightly wounded.
The bat closely misses your crimson imp.
The gnoll hits you from afar with a +0 halberd!
Your crimson imp blinks!
A gnoll comes into view. It is wielding a +0 flail.
The gnoll barely misses you.
Your crimson imp hits the gnoll.
You closely miss the gnoll.
The gnoll is moderately wounded.
The gnoll closely misses you. The bat hits you.
Your crimson imp barely misses the gnoll.
You hit the gnoll but do no damage.
The gnoll is moderately wounded.
The bat barely misses you. The gnoll hits you with a +0 halberd!
You die...

..............
.............#.........
............#.........
####.........# #.........
#............# #......... #
#.?..........# #.........
..#............# #.........
...............###.........
.......§5.@g...#........##.
r.......b..5...#..(.....+..
#............g.#........#..
...............)†....†..§)g
...###.........#.......$#..
.. ...........#####.......
. .............. #.......
.......#........#.......
.......##........#.......


You could see 2 gnolls, a bat (ally target) and 2 friendly crimson imps.

Vanquished Creatures
  A dart slug (D:1)
  4 ball pythons
  3 bats (D:1)
  4 endoplasms
  3 giant cockroaches
  A goblin (D:1)
  3 hobgoblins
  4 jackals (D:1)
  2 quokkas (D:1)
  2 frilled lizards (D:1)
  2 kobolds
  A rat (D:1)
30 creatures vanquished.

Vanquished Creatures (collateral kills)
  2 gnolls (D:3)
  2 adders (D:2)
  A ball python (D:2)
  A giant cockroach (D:1)
  A hobgoblin (D:3)
7 creatures vanquished.

Grand Total: 37 creatures vanquished

Notes
Turn   | Place    | Note
-------+----------+-------------------------------------------
     0 | D:1      | DearestLeader the Gnoll Wanderer began the quest for the
                  | Orb.
     0 | D:1      | DearestLeader set off with the following items: a +0
                  | dagger, a +0 robe, a potion of curing; and the following
                  | spells available to memorise: Summon Small Mammal, Call
                  | Imp, Magic Dart, Call Canine Familiar, Blink, Slow, Conjure
                  | Flame, Mephitic Cloud
     0 | D:1      | Reached XP level 1. HP: 20/20 MP: 6/6
     8 | D:1      | Learned a level 1 spell: Magic Dart
    10 | D:1      | Learned a level 1 spell: Summon Small Mammal
   305 | D:1      | Reached XP level 2. HP: 26/26 MP: 5/7
   893 | D:1      | Found Lomu's Distillery.
  1012 | D:1      | Reached XP level 3. HP: 16/31 MP: 1/9
  1023 | D:1      | Reached skill level 5 in Spellcasting
  1761 | D:2      | Reached skill level 1 in Invocations
  1982 | D:2      | Learned a level 2 spell: Call Imp
  2067 | D:2      | Reached skill level 1 in Long Blades
  2067 | D:2      | Reached skill level 1 in Axes
  2067 | D:2      | Reached skill level 1 in Maces & Flails
  2067 | D:2      | Reached skill level 1 in Polearms
  2067 | D:2      | Reached skill level 1 in Staves
  2067 | D:2      | Reached skill level 1 in Slings
  2067 | D:2      | Reached skill level 1 in Bows
  2067 | D:2      | Reached skill level 1 in Crossbows
  2067 | D:2      | Reached skill level 1 in Armour
  2067 | D:2      | Reached skill level 1 in Dodging
  2067 | D:2      | Reached skill level 1 in Shields
  2067 | D:2      | Reached skill level 1 in Unarmed Combat
  2067 | D:2      | Reached skill level 1 in Evocations
  2187 | D:2      | You fall into a shaft and drop 1 floor!
  2295 | D:3      | Reached XP level 4. HP: 25/38 MP: 1/11
  2320 | D:3      | Slain by a gnoll

Illustrated notes

Levels and vault maps discovered:
D:1:      denvon_arrival_waterhouse, layout_basic, serial_shops, shop,
          item_on_display_a
D:2:      layout_basic, minmay_misc_feat_roman
D:3:      layout_basic, tgw_xom, chequers_ecumenical_altar_simple

Skill      XL: |  1  2  3 |
---------------+----------+-----
Conjurations   | 2 |  2.2
Spellcasting   | 5 |  5.0
Invocations    | 1 |  1.1
Long Blades    | 1 |  1.0
Axes           | 1 |  1.0
Maces & Flails | 1 |  1.0
Polearms       | 1 |  1.0
Staves         | 1 |  1.0
Slings         | 1 |  1.0
Bows           | 1 |  1.0
Crossbows      | 1 |  1.0
Armour         | 1 |  1.0
Dodging        | 1 |  1.0
Shields        | 1 |  1.0
Unarmed Combat | 1 |  1.0
Evocations     | 1 |  1.0
Fighting       | |  4.6
Short Blades   | |  2.7
Throwing       | |  2.7
Stealth        | |  2.5
Hexes          | |  0.8
Summonings     | |  3.8
Necromancy     | |  0.8
Translocations | |  0.8
Transmutations | |  0.8
Fire Magic     | |  0.8
Ice Magic      | |  0.8
Air Magic      | |  0.8
Earth Magic    | |  0.8
Poison Magic   | |  0.8

Action                   |  1- 3 |  4- 6 || total
-------------------------+-------+-------++-------
Melee: Dagger            |   112 |     5 ||   117
       Bite              |     7 |     2 ||     9
 Cast: Magic Dart        |    40 |     2 ||    42
       Summon Small Mamm |    12 |       ||    12
       Call Imp          |     6 |     1 ||     7
 Stab: Sleeping          |     5 |       ||     5
       Distracted        |     1 |       ||     1
Armor: Robe              |    18 |     1 ||    19
Dodge: Dodged            |    60 |     3 ||    63
Block: Other             |    33 |       ||    33
       Reflection        |     1 |       ||     1
